 Dungeon Crawl Stone Soup version 0.31-a0-981-geadf994542 (webtiles) character file.

Game seed: 14807883336932792867

66 BinkBink the Ducker (level 4, -3/37 HPs)
             Began as a Merfolk Monk on Nov 1, 2023.
             Slain by Grinder (5 damage)
             ... on level 3 of the Dungeon.
             The game lasted 00:02:09 (1171 turns).

BinkBink the Ducker (Merfolk Monk)                  Turns: 1171, Time: 00:02:10

Health: -3/37      AC:  2    Str: 13    XL:     4   Next: 15%
Magic:  4/4        EV: 15    Int: 12    God:
Gold:   93         SH:  0    Dex: 22    Spells: 3/3 levels left

rFire   x . .        f - +2 short sword (venom)
rCold   . . .        d - orb {light}
rNeg    . . .        b - +0 robe
rPois   +            (no helmet)
rElec   .            (no cloak)
rCorr   .            (no gloves)
SInv    .            (no boots)
Will    .....        (no amulet)
Stlth   +            h - ring of poison resistance
HPRegen 0.26/turn    k - ring "Udiamae" {Wiz rF- Str+2 Int+3 Dex+4}
MPRegen 0.09/turn

%: wizardry (x1)
@: confused, ambrosia-drunk, glowing
A: (nimble swimmer 2), mertail
a: no special abilities


You were on level 3 of the Dungeon.
You visited 1 branch of the dungeon, and saw 3 of its levels.

You collected 93 gold pieces.

Inventory:

Hand Weapons
 a - a +0 falchion
 f - a +2 short sword of venom (weapon)
Armour
 b - a +0 robe (worn)
 d - an orb of light (worn)
Jewellery
 h - a ring of poison resistance (left hand)
 i - a ring of resist corrosion
 k - the ring "Udiamae" (right hand) {Wiz rF- Str+2 Int+3 Dex+4}
   (You found it on level 2 of the Dungeon)

   [ring of wizardry]

   Wiz:       It improves your spell success rate.
   Str+2:     It affects your strength (+2).
   Int+3:     It affects your intelligence (+3).
   Dex+4:     It affects your dexterity (+4).
   rF-:       It makes you vulnerable to fire.
Scrolls
 g - a scroll of revelation
 j - a scroll of amnesia
 l - a scroll of noise
 m - a scroll of blinking {unknown}
 n - a scroll of enchant armour {unknown}
 p - a scroll of teleportation {unknown}
Potions
 c - a potion of ambrosia
 o - a potion of curing


   Skills:
 + Level 4.1 Fighting
 + Level 4.4 Long Blades
 + Level 4.9 Dodging


You had 3 spell levels left.
You didn't know any spells.
Your spell library contained the following spells:

 Spells                   Type           Power      Damage    Failure   Level
 Magic Dart               Conj           0%         1d3       13%         1
 Searing Ray              Conj           0%         2d4       21%         2
 Fulminant Prism          Conj/Hex       0%         3d5       75%         4


Dungeon Overview and Level Annotations

Branches:
Dungeon (3/15)

Altars:

Shops:
D:2 ((=

Annotations:
D:3 Grinder


Innate Abilities, Weirdness & Mutations

((You are very nimble when in or above water. (Stealth+, EV+, Speed+++)))
Your lower body shifts to a powerful aquatic tail in water.


Message History

There is an open door here.
There is a stone staircase leading down here.
You climb downwards.
There is a stone staircase leading up here.
There is a stone staircase leading up here.
There is a shaft here.
You now have 93 gold pieces (gained 13).
Grinder comes into view.
Grinder shouts!
Grinder is nearby!
You hit Grinder.
Grinder is lightly wounded.
You completely miss Grinder.
Grinder is lightly wounded.
Grinder gestures at you. Pain shoots through your body!
You hit Grinder.
Grinder is poisoned.
Grinder is lightly wounded.
Grinder barely misses you.
You barely miss Grinder.
Grinder is lightly wounded.
Grinder blinks!
Grinder hits you!
You writhe in agony.
You are too injured to fight recklessly!
You are too injured to fight recklessly!
You are too injured to fight recklessly!
You are confused.
You feel invigorated. Grinder says, "Are you a fish?" Grinder hits you!
* * * LOW HITPOINT WARNING * * *
You bump into the rock wall.
Grinder gestures at you. Pain shoots through your body!
* * * LOW HITPOINT WARNING * * *
You bump into the rock wall.
Grinder hits you!
* * * LOW HITPOINT WARNING * * *
You writhe in agony.
You die...
Grinder says, "Now the real fun starts!"

##.## #.###
########...###....
#..^...........###
#.#.###....###.#
#.#.# #.#.## #.#
#.#.# #.#.# #.#
#.#.# #.#.# #.#
#5#.# #.#.# #..
#@#.# #.... ...
#.#.# #.#.# ...
#..........
#######...#


You could see Grinder (poisoned).

Vanquished Creatures
  Robin (D:2)
  An adder (D:2)
  7 ball pythons
  3 endoplasms
  10 goblins
  6 hobgoblins
  3 kobolds
  A quokka (D:2)
  3 bats
  3 frilled lizards
  4 rats
42 creatures vanquished.

Notes
Turn   | Place    | Note
-------+----------+-------------------------------------------
     0 | D:1      | BinkBink the Merfolk Monk began the quest for the Orb.
     0 | D:1      | Reached XP level 1. HP: 18/18 MP: 1/1
   134 | D:1      | Reached XP level 2. HP: 24/24 MP: 2/2
   506 | D:2      | Noticed Robin
   606 | D:2      | Reached XP level 3. HP: 22/30 MP: 3/3
   619 | D:2      | Killed Robin
   803 | D:2      | Reached XP level 4. HP: 37/37 MP: 4/4
   888 | D:2      | Found Ifacughu's Jewellery Boutique.
   906 | D:2      | Found Vuext's Weapon Boutique.
   935 | D:2      | Found Humimoe's Antique Weapon Shoppe.
   945 | D:2      | Identified the ring "Udiamae" {Wiz rF- Str+2 Int+3 Dex+4}
  1163 | D:3      | Noticed Grinder
  1171 | D:3      | Slain by Grinder

Illustrated notes

Levels and vault maps discovered:
D:1:      dpeg_arrival_tiny_a, layout_rooms
D:2:      layout_basic, serial_shops, shop, nicolae_shop_crystal,
          nicolae_shop_tiny_statue_garden, uniq_robin
D:3:      layout_loops_ring, mainiacjoe_overflow_alcove_4,
          lightli_corner_chamber, uniq_jessica, uniq_grinder

Skill      XL: |  1  2  3 |
---------------+----------+-----
Long Blades    | 4 |  4.4
Fighting       | 4 |  4.1
Dodging        | |  4.9

Action                     |  1- 3 |  4- 6 || total
---------------------------+-------+-------++-------
  Melee: Falchion          |    15 |       ||    15
         Short sword       |    64 |    14 ||    78
    Use: Scroll            |     1 |     3 ||     4
         Potion            |       |     1 ||     1
 Armour: Robe              |    39 |     4 ||    43
  Dodge: Dodged            |    61 |     6 ||    67

Table legend: (Time is in decaauts)
 A = Elapsed time spent in this place.
 B = Non-inter-level travel time spent in this place.
 C = Inter-level travel time spent in this place.
 D = Time resting spent in this place.
 E = Time spent auto-exploring this place.
 F = Levels seen in this place.
 G = Mean time per level.
                   A        B        C        D        E       F      G
               +--------+--------+--------+--------+--------+-----+--------+
         Total |   1163 |   1104 |     59 |      3 |    876 |   3 |  387.7 |
       Dungeon |   1163 |   1104 |     59 |      3 |    876 |   3 |  387.7 |
               +--------+--------+--------+--------+--------+-----+--------+

Top non-repeatable levels by time:
     D:1: 621 daAuts
     D:2: 502 daAuts
     D:3: 39 daAuts
